 Dungeon Crawl Stone Soup version 0.31.0-12-g77e489cdc1 (webtiles) character file.

Game seed: 17634225016765863861

32047 BigDaddyOpFi the Severer (level 13, -12/125 HPs)
             Began as a Hill Orc Monk on Feb 21, 2024.
             Was a High Priest of Beogh.
             Killed from afar by a lindwurm (46 damage)
             ... with a blast of flame
             ... on level 5 of the Lair of Beasts.
             The game lasted 00:28:15 (15524 turns).

BigDaddyOpFi the Severer (Hill Orc Monk)           Turns: 15524, Time: 00:28:16

Health: -12/125    AC: 33    Str: 22    XL:     13   Next: 62%
Magic:  22/22      EV: 11    Int: 10    God:    Beogh [*****.]
Gold:   2773       SH:  0    Dex: 13    Spells: 12/12 levels left

rFire   x . .        w - +4 war axe
rCold   x x x        d - orb {light}
rNeg    + + .        D - +2 crystal plate armour
rPois   +            J - +0 helmet
rElec   +            A - +1 cloak
rCorr   .            I - +0 pair of gloves
SInv    .            e - +0 pair of boots
Will    .....        M - amulet of Elemental Vulnerability {rPois rF-- rC-- AC+8} Stlth
                     z - +5 ring of evasion
HPRegen 0.40/turn    V - ring "Cady" {Fire ^Drain rElec rN++ Str+3}
MPRegen 0.18/turn

%: no passive effects
@: glowing
A: walk on water, mutation resistance 1
a: Renounce Religion, Smiting, Recall Orcish Followers, Give Item to Named
Follower


You were on level 5 of the Lair of Beasts.
You worshipped Beogh.
Beogh was extremely pleased with you.
You visited 2 branches of the dungeon, and saw 16 of its levels.
You also visited: Sewer.

You collected 2773 gold pieces.

Inventory:

Hand Weapons
 q - a +3 trident of draining
 s - a +0 broad axe of chaos
 w - a +4 war axe (weapon)
 y - a +2 hand axe of venom
 T - a +6 quarterstaff of draining
Missiles
 v - a throwing net
Armour
 b - a scarf of repulsion
 d - an orb of light (worn)
 e - a +0 pair of boots (worn)
 h - a +5 chain mail
 A - a +1 cloak (worn)
 B - a +1 plate armour
 D - a +2 crystal plate armour (worn)
 F - a +0 buckler
 I - a +0 pair of gloves (worn)
 J - a +0 helmet (worn)
Jewellery
 n - a ring of magical power
 p - an amulet of regeneration
 z - a +5 ring of evasion (left hand)
 L - a ring of poison resistance
 M - the amulet of Elemental Vulnerability (around neck) {rPois rF-- rC-- AC+8}
   (You found it on level 9 of the Dungeon)

   [amulet of nothing]

   AC+8:      It affects your AC (+8).
   rF--:      It makes you very vulnerable to fire.
   rC--:      It makes you very vulnerable to cold.
   rPois:     It protects you from poison
 O - a ring of ice
 S - a ring of see invisible
 V - the ring "Cady" (right hand) {Fire ^Drain rElec rN++ Str+3}
   (You found it on level 10 of the Dungeon)

   [ring of fire]

   Fire:      It enhances your fire magic.
   Str+3:     It affects your strength (+3).
   rF+:       It protects you from fire.
   rC-:       It makes you vulnerable to cold.
   rElec:     It insulates you from electricity.
   rN++:      It greatly protects you from negative energy.
   ^Drain:    It drains your maximum health when unequipped.
Wands
 k - a wand of digging (6)
 u - a wand of polymorph (17)
 P - a wand of flame (13) (quivered)
Scrolls
 a - 2 scrolls of amnesia
 i - 4 scrolls of torment
 l - 3 scrolls of blinking
 o - 2 scrolls of fear
 t - 9 scrolls of teleportation
 K - 4 scrolls of vulnerability
 R - 3 scrolls of identify
Potions
 c - a potion of ambrosia
 f - a potion of heal wounds
 g - 6 potions of curing
 m - 3 potions of brilliance
 r - 3 potions of degeneration
 x - a potion of mutation
 C - 2 potions of attraction
 N - 3 potions of lignification
 U - a potion of cancellation
 W - 3 potions of invisibility
 Z - a potion of haste
Miscellaneous
 j - a lightning rod (4/4)


   Skills:
 + Level 14.4 Fighting
 + Level 15.5 Axes
 + Level 5.5 Armour
 + Level 10.3 Dodging
 + Level 12.4 Invocations


You had 12 spell levels left.
You didn't know any spells.
Your spell library contained the following spells:

 Spells                   Type           Power      Damage    Failure   Level
 Necrotise                Necr           0%         1d4       100%        1
 Sandblast                Erth           0%         2d4       100%        1
 Blink                    Tloc           0%         N/A       100%        2
 Lesser Beckoning         Tloc           0%         N/A       100%        2
 Momentum Strike          Conj/Tloc      0%         3d8       100%        2
 Fugue of the Fallen      Necr           0%         N/A       100%        3
 Gell's Gravitas          Tloc           0%         N/A       100%        3
 Ozocubu's Armour         Ice            0%         N/A       100%        3
 Passwall                 Erth           0%         N/A       100%        3
 Stone Arrow              Conj/Erth      0%         3d7       100%        3
 Teleport Other           Tloc           0%         N/A       100%        3
 Tukima's Dance           Hex            0%         N/A       100%        3
 Vampiric Draining        Necr           0%         2d6       100%        3
 Volatile Blastmotes      Fire/Tloc      0%         2d10      100%        3
 Brom's Barrelling Bould  Conj/Erth      0%         2d3       100%        4
 Dimensional Bullseye     Hex/Tloc       0%         N/A       100%        4
 Fulminant Prism          Conj/Alch      0%         3d5       100%        4
 Iskenderun's Mystic Bla  Conj/Tloc      0%         2d3       100%        4
 Manifold Assault         Tloc           0%         N/A       100%        4
 Martyr's Knell           Necr/Summ      0%         N/A       100%        4
 Passage of Golubria      Tloc           0%         N/A       100%        4
 Curse of Agony           Necr           0%         N/A       100%        5
 Silence                  Hex/Air        0%         N/A       100%        5
 Dispersal                Tloc           0%         N/A       100%        6
 Sculpt Simulacrum        Ice/Alch       0%         N/A       100%        6
 Ozocubu's Refrigeration  Ice            0%         4d7       100%        7
 Lehudib's Crystal Spear  Conj/Erth      0%         10d2      100%        8
 Polar Vortex             Ice            0%         N/A       100%        9


Dungeon Overview and Level Annotations

Branches:
Dungeon (11/15)            Temple (0/1) D:6            Lair (5/5) D:9
 Shoals (0/4) Lair:2       Spider (0/4) Lair:2          Orc (0/2) D:10
  Sewer (visited)
  Slime: Lair:4-5

Altars:
Ashenzari
Cheibriados
Dithmenos
Elyvilon
Fedhas
Gozag
Hepliaklqana
Kikubaaqudgha
Makhleb
Nemelex Xobeh
Okawaru
Qazlal
Ru
Sif Muna
Uskayaw
Vehumet
Wu Jian
Xom
Yredelemnul
Zin
The Shining One

Shops:
D:5 (   D:9 :

Annotations:
Lair:1 2 transporters, uncleiroh's ghost, journeyman DsFE


Innate Abilities, Weirdness & Mutations

You can walk on water.
You are somewhat resistant to further mutation.


Message History

Beogh accepts your kill.
The death yak gores you but does no damage. x2
You hit the death yak.
The death yak is severely wounded.
You hit the death yak. You slice the death yak!!
The death yak is almost dead.
You slash the death yak!
The death yak gores you but does no damage.
The death yak closely misses you.
You slash the death yak!
You kill the death yak!
Beogh accepts your kill.
You hit the death yak but do no damage.
Geork hits the death yak with a +1 trident!
The death yak closely misses you.
You slash the death yak!
The death yak is severely wounded.
You hit the death yak.
The death yak is severely wounded.
Geork barely misses the death yak.
The death yak barely misses you.
You slash the death yak!
You kill the death yak!
Beogh accepts your kill.
You start resting.
A lindwurm comes into view.
What are your orders? t - Shout!
Orders for allies: a - Attack new target. r - Retreat! s - Stop attacking. g - Guard the area. f - Follow me.
Anything else - Cancel.
Okay, then.
You start removing your amulet.
You continue taking off the amulet of Elemental Vulnerability {rPois rF-- rC-- AC+8}.
Geork splashes around in the water.
You continue taking off the amulet of Elemental Vulnerability {rPois rF-- rC-- AC+8}.
The lindwurm breathes flames at you. The blast of flame hits you!!!
The fire burns you terribly!
You die...

~..............P.........#
.~~~~~~~...÷...~........P#
~~~~~##~~##÷~##..........#
~~~~~#~~~##†~##...........
~~P~~~P~~~~~†~~~..........
~.~~~~~~~~~~~~~...........
####.##.###~†##~......#
~~~⌠#8~~#~##~..†.P## ~~
#~~~P.~..@†..P.# ~
#~~~~~~~~......P#
#~~P~~~#§.........#
#~~P#~#ok.........#
#~~~~~.P..........#
#~~~~~~~.#......... ~
#~~#~..........
~~~#~.....##...


You could see a lindwurm (catching breath, ally target) and the friendly Geork
the orc warlord.

Vanquished Creatures
  2 two-headed ogres
  A dancing weapon (Lair:4)
  4 death yaks
  Sonja (Lair:1)
  A skyshark (Lair:3)
  Pikel (D:5)
  An ugly thing (D:7)
  3 black mambas
  A cyclops (D:7)
  4 elephants
  A manticore (Lair:2)
  Joseph (D:9)
  2 rime drakes
  Jeremiah (D:7)
  6 cane toads
  7 komodo dragons
  3 trolls
  6 blink frogs (Lair:4)
  5 wyverns
  Grum (D:9)
  11 yaks
  Eustachio (D:4)
  A hog (shapeshifter) (D:10)
  A basilisk (Lair:1)
  A steam dragon (D:6)
  A redback (Lair:2)
  An acid dragon (D:9)
  Menkaure (D:4)
  A swamp worm (Lair:1)
  5 water moccasins
  Duvessa (D:6)
  A sky beast (D:8)
  5 orc warriors
  2 ice beasts
  2 ogres
  A centaur (D:8)
  A lemure (D:5)
  12 wolves
  A phantom (D:5)
  5 kobold brigands
  7 bullfrogs
  A gnoll sergeant (D:6)
  A scorpion (D:6)
  6 wights
  Dowan (D:6)
  10 killer bees
  A howler monkey (D:9)
  2 orc priests (D:10)
  3 hounds
  A jelly (D:8)
  3 gnoll boudas
  Jessica (D:3)
  2 sleepcaps
  Natasha (thrice) (D:3)
  An iguana (D:4)
  10 orc wizards
  Robin (D:4)
  13 gnolls
  15 adders
  3 river rats
  2 ufetubi (D:6)
  A dart slug (D:2)
  2 ribbon worms
  29 orcs
  2 endoplasms
  6 giant cockroaches
  20 goblins
  9 hobgoblins
  3 jackals (D:4)
  30 kobolds
  7 quokkas
  18 ball pythons
  2 bats
  5 frilled lizards
  27 rats
355 creatures vanquished.

Vanquished Creatures (collateral kills)
  The ghost of Vufrucs the Grappler, a journeyman DrSh of Wu Jian (Lair:4)
  4 death yaks
  A sea snake (Lair:5)
  A lindwurm (Lair:4)
  5 elephants
  3 manticores
  2 black mambas
  A torpor snail (Lair:5)
  4 cane toads (Lair:2)
  3 komodo dragons
  3 rime drakes
  A polar bear (Lair:2)
  3 blink frogs (Lair:4)
  2 wyverns
  A redback (Lair:2)
  A swamp worm (Lair:1)
  A water moccasin (Lair:4)
  An orc warrior (D:10)
  7 wolves (Lair:2)
  7 bullfrogs
  An orc (D:10)
53 creatures vanquished.

Vanquished Creatures (others)
  An orc warrior (D:11)
  An orc wizard (D:10)
  7 orcs (D:10)
9 creatures vanquished.

Grand Total: 417 creatures vanquished

Notes
Turn   | Place    | Note
-------+----------+-------------------------------------------
     0 | D:1      | BigDaddyOpFi the Hill Orc Monk began the quest for the Orb.
     0 | D:1      | Reached XP level 1. HP: 19/19 MP: 1/1
   238 | D:1      | Reached XP level 2. HP: 27/27 MP: 2/2
   335 | D:1      | You fall into a shaft and drop 1 floor!
   391 | D:1      | Found a faded altar of an unknown god.
   813 | D:2      | Reached XP level 3. HP: 33/33 MP: 3/3
  1444 | D:3      | Found a glowing drain.
  1465 | D:3      | Reached skill level 5 in Axes
  1465 | D:3      | Reached XP level 4. HP: 38/41 MP: 4/4
  1471 | Sewer    | Entered a sewer
  1600 | Sewer    | Reached XP level 5. HP: 47/47 MP: 5/5
  1654 | Sewer    | Reached skill level 5 in Fighting
  1727 | Sewer    | Reached XP level 6. HP: 19/56 MP: 6/6
  1732 | Sewer    | Reached skill level 6 in Axes
  2240 | D:3      | Noticed Jessica
  2240 | D:3      | Noticed Natasha
  2247 | D:3      | Killed Jessica
  2252 | D:3      | Killed Natasha
  2318 | D:3      | Noticed Natasha
  2330 | D:3      | Killed Natasha
  2381 | D:3      | Noticed Natasha
  2391 | D:3      | Killed Natasha
  2656 | D:3      | Reached XP level 7. HP: 37/63 MP: 7/7
  2750 | D:3      | Found a faded altar of an unknown god.
  2755 | D:3      | Found a hide-covered altar of Uskayaw.
  3111 | D:4      | Found a burning altar of Makhleb.
  3213 | D:4      | Noticed Eustachio
  3245 | D:4      | Killed Eustachio
  3246 | D:4      | Reached skill level 7 in Axes
  3292 | D:4      | Found a white marble altar of Elyvilon.
  3336 | D:4      | Noticed Menkaure
  3370 | D:4      | Killed Menkaure
  3473 | D:4      | Found a hazy altar of Hepliaklqana.
  3536 | D:4      | Reached XP level 8. HP: 70/73 MP: 8/8
  3858 | D:4      | Noticed Robin
  3862 | D:4      | Reached skill level 8 in Axes
  3866 | D:4      | Killed Robin
  4063 | D:4      | Found a shimmering altar of Xom.
  4072 | D:4      | Found a sacrificial altar of Ru.
  4322 | D:5      | Entered Level 5 of the Dungeon
  4345 | D:5      | Reached skill level 5 in Dodging
  4450 | D:5      | Noticed Pikel
  4475 | D:5      | Killed Pikel
  4476 | D:5      | Reached skill level 9 in Axes
  4573 | D:5      | Found Taegh's Weapon Shoppe.
  4770 | D:6      | Reached XP level 9. HP: 82/82 MP: 9/9
  5150 | D:6      | Found a staircase to the Ecumenical Temple.
  5160 | D:6      | Noticed Duvessa
  5161 | D:6      | Noticed Dowan
  5170 | D:6      | Killed Duvessa
  5185 | D:6      | Killed Dowan
  5257 | D:6      | Reached skill level 10 in Axes
  6086 | D:7      | Noticed Jeremiah
  6105 | D:7      | Gained mutation: You are somewhat resistant to further
                  | mutation. [potion of mutation]
  6140 | D:7      | Killed Jeremiah
  6141 | D:7      | Reached skill level 10 in Fighting
  6227 | D:7      | Reached skill level 11 in Axes
  6235 | D:7      | Reached XP level 10. HP: 83/93 MP: 10/10
  6254 | D:7      | Noticed a cyclops
  6255 | D:7      | Noticed a brown ugly thing
  6277 | D:7      | Killed a brown ugly thing
  6300 | D:7      | Killed a cyclops
  6592 | D:7      | Identified the +4 scale mail of the Cooper {^Drain rN++}
  6696 | D:7      | Reached skill level 12 in Axes
  6740 | D:7      | Found a glowing silver altar of Zin.
  6741 | D:7      | Found a radiant altar of Vehumet.
  6784 | D:7      | Found a sparkling altar of Nemelex Xobeh.
  6785 | D:7      | Found an opulent altar of Gozag.
  7033 | D:8      | Found a shimmering blue altar of Sif Muna.
  7033 | D:8      | Found an iron altar of Okawaru.
  7051 | D:8      | Found an ancient bone altar of Kikubaaqudgha.
  7052 | D:8      | Found a blossoming altar of Fedhas.
  7054 | D:8      | Found a shadowy altar of Dithmenos.
  7054 | D:8      | Found a snail-covered altar of Cheibriados.
  7055 | D:8      | Found an ornate altar of the Wu Jian Council.
  7057 | D:8      | Found a glowing golden altar of the Shining One.
  7066 | D:8      | Found a broken altar of Ashenzari.
  7485 | D:8      | Became a worshipper of Beogh the Brigand
  7485 | D:8      | Reached * piety under Beogh
  7485 | D:8      | Reached ** piety under Beogh
  7736 | D:8      | Reached skill level 1 in Invocations
  8004 | D:9      | Found a staircase to the Lair.
  8093 | D:9      | Noticed Grum
  8127 | D:9      | Killed Grum
  8128 | D:9      | Reached XP level 11. HP: 63/104 MP: 12/14
  8178 | D:9      | Found the amulet of Elemental Vulnerability {rPois rF--
                  | rC-- AC+8}
  8207 | D:9      | Found a stormy altar of Qazlal.
  8207 | D:9      | Noticed Joseph
  8220 | D:9      | Killed Joseph
  8341 | D:9      | Reached skill level 5 in Invocations
  8414 | D:9      | Noticed a two-headed ogre
  8427 | D:9      | Killed a two-headed ogre
  8620 | D:9      | Found Qacvoac's Tremendous Tomes.
  8775 | D:10     | Entered Level 10 of the Dungeon
  8826 | D:10     | Reached skill level 13 in Axes
  8936 | D:10     | Reached *** piety under Beogh
  9015 | D:10     | Identified the ring "Cady" {Fire ^Drain rElec rN++ Str+3}
  9407 | D:10     | Found a staircase to the Orcish Mines.
  9448 | D:10     | Found a basalt altar of Yredelemnul.
 10407 | D:11     | Noticed a two-headed ogre
 10419 | D:11     | Killed a two-headed ogre
 10710 | Lair:1   | Entered Level 1 of the Lair of Beasts
 10977 | Lair:1   | Noticed Sonja
 10987 | Lair:1   | Gained Geork as an ally
 10988 | Lair:1   | Killed Sonja
 10997 | Lair:1   | Identified the maw talisman of Nosufir {rF+}
 11034 | Lair:1   | Noticed uncleiroh's ghost (journeyman DsFE)
 11096 | Lair:1   | Found a transporter.
 11138 | Lair:1   | Found a transporter.
 11140 | Lair:1   | Noticed a worldbinder
 11970 | Lair:2   | Reached XP level 12. HP: 113/113 MP: 18/18
 12001 | Lair:2   | Found a hole to the Spider Nest.
 12442 | Lair:2   | Reached skill level 14 in Axes
 12605 | Lair:2   | Reached skill level 10 in Invocations
 12897 | Lair:2   | Found a staircase to the Shoals.
 13647 | Lair:3   | Noticed a skyshark
 13654 | Lair:3   | Killed a skyshark
 13656 | Lair:3   | Reached skill level 1 in Armour
 13668 | Lair:3   | Reached **** piety under Beogh
 13668 | Lair:3   | Noticed a death yak
 13671 | Lair:3   | Noticed a death yak
 13673 | Lair:3   | Noticed a death yak
 13674 | Lair:3   | Noticed a death yak
 13677 | Lair:3   | Noticed a death yak
 13681 | Lair:3   | Killed a death yak
 13687 | Lair:3   | Killed a death yak
 13690 | Lair:3   | Killed a death yak
 13691 | Lair:3   | Killed a death yak
 13696 | Lair:3   | Killed a death yak
 14409 | Lair:4   | Reached XP level 13. HP: 111/123 MP: 21/21
 14498 | Lair:4   | Identified 3 scrolls of acquirement
 14499 | Lair:4   | Acquired a +2 crystal plate armour
 14501 | Lair:4   | Acquired 1078 gold pieces
 14503 | Lair:4   | Acquired 707 gold pieces
 14558 | Lair:4   | Reached skill level 15 in Axes
 14576 | Lair:4   | Found a runed translucent door.
 14576 | Lair:4   | Found a shimmering altar of Xom.
 14576 | Lair:4   | Noticed Vufrucs's ghost (journeyman DrSh)
 14590 | Lair:4   | Killed Vufrucs's ghost
 14591 | Lair:4   | Reached skill level 10 in Dodging
 15222 | Lair:5   | Entered Level 5 of the Lair of Beasts
 15267 | Lair:5   | Reached skill level 5 in Armour
 15466 | Lair:5   | Reached ***** piety under Beogh
 15524 | Lair:5   | Killed from afar by a lindwurm

Illustrated notes

Levels and vault maps discovered:
D:1:      amcnicky_arrival_double_pillar, layout_basic, basic_ecumenical_altar,
          minmay_misc_feat_more_columns, roderic_malta_cross, st_stairs_4,
          hangedman_decor_riveting, amcnicky_mini_pool_small
D:2:      layout_loops_ring, minmay_split_cup_large
D:3:      layout_basic, nicolae_overflow_ecumenical_swirl, portal_sewer_entry_a,
          kennysheep_jessica_study, uniq_natasha
D:4:      kennysheep_goblin_castle, layout_loops_ring,
          mainiacjoe_overflow_small_starburst, mainiacjoe_overflow_alcove_4,
          mainiacjoe_overflow_chevrons, mainiacjoe_overflow_swirl,
          serial_forest, infiniplex_forest_straight_3, infiniplex_forest_end_3,
          infiniplex_forest_lined_4_way, infiniplex_forest_clump_C,
          infiniplex_forest_clump_curved, infiniplex_forest_pool,
          infiniplex_forest_lined_2, infiniplex_forest_straight_4,
          infiniplex_forest_straight_4, uniq_eustachio, uniq_menkaure
D:5:      layout_rooms, serial_shops, shop, ebering_dispersal_statue_hall,
          glass_columns_a, uniq_pikel
D:6:      minmay_general_purpose_star, layout_layer_cave,
          minmay_temple_entry_mini_moons, hangedman_decor_opposing,
          serial_park_tiny_2, uniq_duvessa
D:7:      minmay_blocky_corners, layout_rooms, grunt_temple_overflow_opulence,
          mainiacjoe_overflow_divided_tiny, nicolae_grassy_gnolls, uniq_jeremiah
D:8:      layout_loops_corners, nicolae_overflow_hallway_of_the_gods
D:9:      layout_basic, nicolae_qazlal_eye_of_the_storm, lair_entry_dummy,
          nicolae_shop_i_like_big_books, uniq_grum, uniq_joseph
D:10:     layout_gridville, lemuel_round_altar, hiddenorc1_lemuel, minivault_5,
          fountainhead, minivault_1, minmay_microvault
D:11:     layout_rooms, serial_rivers, chequers_serial_rivers_micro_b,
          chequers_serial_rivers_micro_c, chequers_serial_rivers_micro_c,
          chequers_serial_rivers_micro_e, minivault_7, uniq_josephine
Lair:1:   layout_small_grid, gammafunk_ghost_abyssal_escape,
          columned_hall_lemuel, worms_lemuel, uniq_sonja
Lair:2:   layout_long_grid, minmay_shoals_entry_beasts, spider_nest_entry_webs,
          small_statue_intersection, grunt_megastairs_5,
          infiniplex_staircase_pool
Lair:3:   layout_long_grid
Lair:4:   layout_roguey, ebering_ghost_xom
Lair:5:   gammafunk_lair_ancient_temple, layout_layer_cave,
          minmay_slime_entry_oklob_enclosed

Skill      XL: |  1  2  3  4  5  6  7  8  9 10 11 12 13 |
---------------+----------------------------------------+-----
Fighting       | 4 5 6 7 8 10 11 12 13 14 | 14.4
Dodging        | 3 4 5 7 8 9 10 | 10.3
Axes           | 5 6 7 9 11 12 13 14 15 | 15.5
Invocations    | 4 8 11 12 | 12.4
Armour         | 3 5 |  5.5

Action                     |  1- 3 |  4- 6 |  7- 9 | 10-12 | 13-15 || total
---------------------------+-------+-------+-------+-------+-------++-------
  Melee: Hand axe          |    96 |   171 |       |       |       ||   267
         War axe           |       |     5 |   360 |   504 |    32 ||   901
         Broad axe         |       |       |       |       |    67 ||    67
 Invoke: Convert to Beogh  |       |       |       |     1 |       ||     1
         Smiting           |       |       |       |     1 |       ||     1
         Recall Orcish Fol |       |       |       |     1 |       ||     1
  Evoke: Wand              |       |       |     1 |     1 |       ||     2
    Use: Scroll            |     3 |     4 |     8 |     4 |     8 ||    27
         Potion            |       |       |     7 |     4 |     3 ||    14
   Stab: Distracted        |       |       |       |       |     3 ||     3
         Paralysed         |       |       |       |       |     3 ||     3
 Armour: Robe              |     8 |       |       |       |       ||     8
         Chain mail        |    64 |   263 |   283 |   312 |     5 ||   927
         Skin              |       |       |       |    23 |       ||    23
         Crystal plate arm |       |       |       |       |   128 ||   128
  Dodge: Dodged            |    43 |    99 |   251 |   382 |    44 ||   819
         Repelled          |     1 |       |       |       |       ||     1
